 Dungeon Crawl Stone Soup version 0.29-a0-542-g075992c915 (webtiles) character file.

Game seed: 17722116551499755313

109 Sabo the Poker (level 4, -7/34 HPs)
             Began as a Merfolk Gladiator on June 4, 2022.
             Mangled by an orc priest
             ... wielding a +0 flail
              (8 damage)
             ... on level 3 of the Dungeon.
             The game lasted 00:14:34 (3375 turns).

Sabo the Poker (Merfolk Gladiator)                  Turns: 3375, Time: 00:14:34

Health: -7/34      AC:  9    Str: 16    XL:     4   Next: 89%
Magic:  4/4        EV: 12    Int:  7    God:
Gold:   192        SH:  0    Dex: 15    Spells: 3/3 levels left

rFire   . . .      SeeInvis .   a - +1 trident
rCold   + . .      Faith    .   (no shield)
rNeg    . . .      Spirit   .   o - +1 ring mail {rC+}
rPois   .          Reflect  .   c - +0 helmet
rElec   .          Harm     .   n - +0 cloak
rCorr   .          Rampage  .   g - +0 pair of gloves
Will    .....                   (no boots)
Stlth   +.........              (no amulet)
HPRegen 0.11/turn               (no ring)
MPRegen 0.09/turn               (no ring)

@: no status effects
A: (nimble swimmer 2), mertail
a: no special abilities


You were on level 3 of the Dungeon.
You visited 1 branch of the dungeon, and saw 3 of its levels.

You collected 192 gold pieces.

Inventory:

Hand Weapons
 a - a +1 trident (weapon)
 f - a +2 quarterstaff of chaos
 h - a +1 dagger of venom
 r - a +0 hunting sling
Missiles
 d - 3 throwing nets (quivered)
 e - a javelin
 k - 2 poisoned darts
 l - 5 boomerangs
 m - 5 datura-tipped darts
Armour
 c - a +0 helmet (worn)
 g - a +0 pair of gloves (worn)
 n - a +0 cloak (worn)
 o - a +1 ring mail of cold resistance (worn)
Scrolls
 q - a scroll of immolation {unknown}
 t - a scroll of teleportation {unknown}
Potions
 b - 2 potions of magic
 i - a potion of ambrosia {unknown}
 j - 2 potions of flight {unknown}
 p - a potion of attraction {unknown}
 s - a potion of mutation {unknown}
 u - a potion of lignification {unknown}


   Skills:
 + Level 2.9 Fighting
 + Level 5.6 Polearms
 + Level 2.0 Throwing
 + Level 1.0 Armour
 + Level 4.5 Dodging
 + Level 1.2 Stealth


You had 3 spell levels left.
You didn't know any spells.
Your spell library contained the following spells:

 Spells                   Type           Power      Damage    Failure   Level
 Apportation              Tloc           0%         N/A       65%         1
 Gell's Gravitas          Tloc           0%         N/A       95%         3
 Teleport Other           Tloc           0%         N/A       95%         3
 Alistair's Intoxication  Tmut/Pois      0%         N/A       100%        5
 Dispersal                Tloc           0%         N/A       100%        6


Dungeon Overview and Level Annotations

Branches:
Dungeon (3/15)

Altars:
Xom


Innate Abilities, Weirdness & Mutations

((You are very nimble when in or above water. (Stealth+, EV+, Speed+++)))
Your lower body shifts to a powerful aquatic tail in water.


Message History

You hit the orc.
The orc is heavily wounded.
The orc barely misses you.
The orc priest looks satisfied for a moment.
You puncture the orc!
You kill the orc!
The giant cockroach completely misses you.
Your Armour skill increases to level 1!
You puncture the giant cockroach!
You kill the giant cockroach!
The orc priest invokes the aid of Beogh against you.
Beogh smites you!
A kobold comes into view. It is wielding a +0 short sword.
The kobold shouts!
You hear an angry hiss.
The kobold throws a stone.
The stone barely misses you. The orc priest closely misses you.
Items here: ))) [ †.
You hit the orc priest but do no damage.
The kobold throws a stone.
The stone hits you but does no damage.
The orc priest hits you but does no damage.
You hit the orc priest.
The orc priest is moderately wounded.
The kobold throws a stone.
The stone closely misses you. The orc priest barely misses you.
You hit the orc priest.
The orc priest is heavily wounded.
The orc priest calls down the wrath of Beogh upon you.
Beogh smites you!
* * * LOW HITPOINT WARNING * * *
A frilled lizard comes into view.
You hit the orc priest but do no damage.
The orc priest is heavily wounded.
The orc priest looks encouraged for a moment.
The kobold hits you but does no damage.
You closely miss the orc priest.
The orc priest is heavily wounded.
The kobold hits you with a +0 short sword.
* * * LOW HITPOINT WARNING * * *
The orc priest hits you with a +0 flail!
You die...

############# ...##...
.....##.....####..##....
................## .....
...#####....>##..#......
....## #####.....#......
.....# #####.#......
.....## #.'......
......# #oK..l...
......# #@#......
......# #.#.o)...
......# #.# .....
......# #.# .....
...)..# #.. .... ......#
##. #... ......# #.
......# # ...^..#


You could see an orc priest, a kobold and a frilled lizard.

Vanquished Creatures
  Crazy Yiuf (D:2)
  An adder (D:2)
  A worm (D:2)
  A dart slug (D:2)
  3 orcs (D:3)
  6 bats
  6 endoplasms
  A giant cockroach (D:3)
  2 goblins (D:1)
  8 hobgoblins
  4 jackals (D:1)
  3 quokkas
  7 ball pythons
  3 frilled lizards
  6 kobolds
  6 rats
59 creatures vanquished.

Notes
Turn   | Place    | Note
-------+----------+-------------------------------------------
     0 | D:1      | Sabo the Merfolk Gladiator began the quest for the Orb.
     0 | D:1      | Reached XP level 1. HP: 16/16 MP: 1/1
   581 | D:1      | Reached XP level 2. HP: 17/22 MP: 2/2
  1358 | D:1      | Reached skill level 1 in Stealth
  1382 | D:1      | Reached XP level 3. HP: 26/28 MP: 3/3
  1893 | D:2      | Found a shimmering altar of Xom.
  2232 | D:2      | Reached skill level 5 in Polearms
  2471 | D:2      | Reached XP level 4. HP: 34/34 MP: 4/4
  2628 | D:2      | Found a runed translucent door.
  2910 | D:2      | Noticed Crazy Yiuf
  2924 | D:2      | Killed Crazy Yiuf
  3369 | D:3      | Reached skill level 1 in Armour
  3375 | D:3      | HP: 1/34 [kobold/+0 short sword (1)]
  3375 | D:3      | Mangled by an orc priest

Illustrated notes

Levels and vault maps discovered:
D:1:      evilmike_arrival_crescent, layout_basic
D:2:      layout_rooms, basic_altar, minmay_misc_feat_iff,
          uniq_crazy_yiuf_cottage
D:3:      cheibrodos_fertilizer, layout_rooms, kennysheep_big_empty_room,
          chequers_arboretum

Skill      XL: |  1  2  3  4 |
---------------+-------------+-----
Stealth        | 1 |  1.2
Polearms       | 5 |  5.6
Armour         | 1 |  1.0
Fighting       | |  2.9
Throwing       | |  2.0
Dodging        | |  4.5

Action                   |  1- 3 |  4- 6 || total
-------------------------+-------+-------++-------
Melee: Trident           |   139 |    47 ||   186
  Use: Scroll            |     4 |     2 ||     6
       Potion            |       |     1 ||     1
 Stab: Sleeping          |     1 |       ||     1
Armor: Leather armour    |    14 |       ||    14
       Ring mail         |    21 |     7 ||    28
Dodge: Dodged            |    97 |    21 ||   118

Table legend: (Time is in decaauts)
 A = Elapsed time spent in this place.
 B = Non-inter-level travel time spent in this place.
 C = Inter-level travel time spent in this place.
 D = Time resting spent in this place.
 E = Time spent auto-exploring this place.
 F = Levels seen in this place.
 G = Mean time per level.
                   A        B        C        D        E       F      G
               +--------+--------+--------+--------+--------+-----+--------+
         Total |   3381 |   3381 |      0 |   1120 |      0 |   3 | 1127.0 |
       Dungeon |   3381 |   3381 |      0 |   1120 |      0 |   3 | 1127.0 |
               +--------+--------+--------+--------+--------+-----+--------+

Top non-repeatable levels by time:
     D:1: 1996 daAuts
     D:2: 1234 daAuts
     D:3: 150 daAuts
